 Dungeon Sprint DCSS version 0.27-a0-156-gbcd94eb011 (webtiles) character file.

Game seed: 12305304569751965450

4046 mhtbhm the Black Belt (level 10, -1/78 HPs)
             Began as an Octopode Transmuter on Jan 28, 2021.
             Was a High Priest of Sif Muna.
             Slain by a komodo dragon (18 damage)
             ... in the Dungeon (Sprint IX: "|||||||||||||||||||||||||||||").
             The game lasted 00:02:23 (1257 turns).

mhtbhm the Black Belt (Octopode Transmuter)         Turns: 1257, Time: 00:02:24

Health: -1/78      AC:  8    Str: 12    XL:     10   Next: 24%
Magic:  19/23      EV: 14    Int: 18    God:    Sif Muna [*****.]
Gold:   13         SH:  0    Dex: 14    Spells: 5/27 levels left

rFire    x . .     SeeInvis .     - Unarmed
rCold    + + +     Faith    .   (shield currently unavailable)
rNeg     . . .     Spirit   .   (helmet currently unavailable)
rPois    +         Reflect  .   (no amulet)
rElec    .         Harm     .   j - +2 ring of protection
rCorr    .         Rampage  .   k - +3 ring of intelligence
Will     .....     NoTele   +   (no ring)
Stlth    ++++......             (no ring)
HPRegen  0.23/turn              (no ring)
MPRegen  0.18/turn              (no ring)
                                (no ring)
                                (no ring)

@: ice-form, wereblooded
A: large, almost no armour, stealthy swim, amphibious, 8 rings, (constrict 8)
a: End Transformation, Renounce Religion, Channel Magic, Forget Spell, Divine
Exegesis


You were in the Dungeon.
You worshipped Sif Muna.
Sif Muna was extremely pleased with you.
You were a creature of crystalline ice.
You visited 1 branch You collected 13 gold pieces.

Inventory:

Jewellery
 j - a +2 ring of protection (left front paw)
 k - a +3 ring of intelligence (right front paw)
Wands
 i - a wand of iceblast (6)
Scrolls
 f - 3 scrolls of remove curse
 g - 4 scrolls of blinking
 h - 2 scrolls of amnesia
 o - a scroll of identify
 p - 2 scrolls of enchant armour
 q - a scroll of fear
Potions
 a - a potion of invisibility
 b - 5 potions of curing
 c - a potion of heal wounds
 d - a potion of haste
 e - 4 potions of magic
 l - 2 potions of mutation
 m - 2 potions of might
 n - a potion of brilliance


   Skills:
 + Level 4.3 Fighting
 + Level 7.8 Dodging
 + Level 8.1 Stealth
 + Level 15.7 Unarmed Combat
 + Level 9.3 Spellcasting
 + Level 9.1 Transmutations
 + Level 2.4 Ice Magic
 + Level 2.9 Evocations


You had 5 spell levels left.
You knew the following spells:

 Your Spells              Type           Power        Failure   Level
a - Beastly Appendage     Tmut           82%          1%          1
b - Wereblood             Tmut           41%          1%          2
c - Spider Form           Tmut/Pois      12%          4%          3
d - Ice Form              Ice/Tmut       29%          8%          4
e - Blade Hands           Tmut           20%          5%          5
f - Dragon Form           Tmut           20%          86%         7

Your spell library contained the following spells:

 Spells                   Type           Power        Failure   Level
 Sting                    Tmut/Pois      96%          1%          1
 Passwall                 Tmut/Erth      20%          1%          2
 Vampiric Draining        Necr           4%           26%         3
 Alistair's Intoxication  Tmut/Pois      16%          36%         5
 Excruciating Wounds      Necr           4%           93%         5
 Death's Door             Necr           4%           100%        9


Dungeon Overview and Level Annotations

Branches:
Dungeon (1/1)

Altars:
Cheibriados
Dithmenos
Elyvilon
Fedhas
Gozag
Hepliaklqana
Kikubaaqudgha
Makhleb
Nemelex Xobeh
Okawaru
Qazlal
Ru
Sif Muna
Trog
Uskayaw
Vehumet
Wu Jian
Xom
Yredelemnul
Zin
The Shining One
Beogh
Jiyva
Lugonu


Innate Abilities, Weirdness & Mutations

You cannot wear most types of armour.
You are very stealthy in the water. (Stealth+)
You are amphibious.
You can wear up to eight rings at the same time.
((You can use your tentacles to constrict eight enemies at once.))
((Your skin changes colour to match your surroundings (Stealth+).))
((Your rubbery body absorbs attacks. (AC +1, EV +1)))


Message History

You are too injured to fight recklessly!
You are too injured to fight recklessly!
You are too injured to fight recklessly!
You are too injured to fight recklessly!
You are too injured to fight recklessly!
You are too injured to fight recklessly!
You barely miss the komodo dragon. You pummel the komodo dragon!!
The komodo dragon seems to slow down.
You freeze the komodo dragon.
The komodo dragon is heavily wounded.
The komodo dragon bites you!
* * * LOW HITPOINT WARNING * * *
Unknown command.
You hit the komodo dragon.
The komodo dragon seems to slow down.
You freeze the komodo dragon.
The komodo dragon is severely wounded.
You hit the komodo dragon. You freeze the komodo dragon.
The komodo dragon is severely wounded.
The komodo dragon bites you!!
You die...

▓.▓_▓
▓.▓.▓_▓
▓l▓.▓_▓
▓l▓.▓_▓
▓k▓.▓_▓
▓l▓.▓_▓
▓Y▓.▓_▓
▓l▓.▓_▓
▓Y▓.▓_▓
▓.▓.▓_▓
▓.▓.▓_▓
▓.▓.▓_▓
▓.▓.▓_▓
▓.▓.▓_▓
▓.▓.▓_▓
▓.▓.▓_▓
▓.▓.▓_▓


You could see an elephant, 3 komodo dragons, a rime drake and a wyvern.

Vanquished Creatures
  A centaur warrior (D)
  A two-headed ogre (D)
  An ugly thing (D)
  A cane toad (D)
  2 komodo dragons (D)
  A wyvern (D)
  A yak (D)
  2 basilisks (D)
  4 water moccasins (D)
  2 orc warriors (D)
  A sky beast (D)
  2 wolves (D)
  A bullfrog (D)
  2 wights (D)
  An orc wizard (D)
  A worker ant (D)
  An ufetubus (D)
  2 leopard geckos (D)
  An orc (D)
  A bat (D)
  A giant cockroach (D)
  A hobgoblin (D)
  A ball python (D)
  A rat (D)
33 creatures vanquished.

Notes
Turn   | Place    | Note
-------+----------+-------------------------------------------
     0 | D        | mhtbhm the Octopode Transmuter began the quest for the Orb.
     0 | D        | Reached XP level 1. HP: 13/13 MP: 3/3
    18 | D        | Reached skill level 4 in Unarmed Combat
    18 | D        | Reached XP level 2. HP: 12/18 MP: 3/5
    42 | D        | Learned a level 2 spell: Wereblood
   219 | D        | Noticed a sky beast
   227 | D        | Reached skill level 1 in Stealth
   227 | D        | Reached skill level 5 in Unarmed Combat
   227 | D        | Reached XP level 3. HP: 16/23 MP: 2/7
   233 | D        | Killed a sky beast
   234 | D        | Reached skill level 7 in Unarmed Combat
   234 | D        | Reached XP level 4. HP: 10/28 MP: 3/10
   234 | D        | Reached XP level 5. HP: 11/33 MP: 3/11
   243 | D        | Found a roughly hewn altar of Beogh.
   243 | D        | Found a snail-covered altar of Cheibriados.
   243 | D        | Found a shadowy altar of Dithmenos.
   243 | D        | Found a white marble altar of Elyvilon.
   243 | D        | Found a blossoming altar of Fedhas.
   243 | D        | Found an opulent altar of Gozag.
   244 | D        | Found a hazy altar of Hepliaklqana.
   245 | D        | Found a viscous altar of Jiyva.
   246 | D        | Found an ancient bone altar of Kikubaaqudgha.
   247 | D        | Found a corrupted altar of Lugonu.
   248 | D        | Found a burning altar of Makhleb.
   249 | D        | Found a sparkling altar of Nemelex Xobeh.
   250 | D        | Found an iron altar of Okawaru.
   251 | D        | Found a stormy altar of Qazlal.
   252 | D        | Found a sacrificial altar of Ru.
   253 | D        | Found a shimmering blue altar of Sif Muna.
   254 | D        | Found a bloodstained altar of Trog.
   255 | D        | Found a hide-covered altar of Uskayaw.
   256 | D        | Found a radiant altar of Vehumet.
   257 | D        | Found an ornate altar of the Wu Jian Council.
   258 | D        | Found a shimmering altar of Xom.
   259 | D        | Found a basalt altar of Yredelemnul.
   260 | D        | Found a glowing silver altar of Zin.
   261 | D        | Found a glowing golden altar of the Shining One.
   263 | D        | Became a worshipper of Sif Muna the Loreminder
   464 | D        | Learned a level 3 spell: Spider Form
   469 | D        | Learned a level 4 spell: Ice Form
   475 | D        | Noticed a two-headed ogre
   475 | D        | Noticed an orc warrior
   475 | D        | Noticed an orc warrior
   480 | D        | Killed an orc warrior
   481 | D        | Reached skill level 8 in Unarmed Combat
   481 | D        | Reached skill level 5 in Spellcasting
   484 | D        | Reached skill level 9 in Unarmed Combat
   484 | D        | Reached XP level 6. HP: 38/38 MP: 7/14
   485 | D        | Reached * piety under Sif Muna
   486 | D        | Reached skill level 5 in Transmutations
   486 | D        | Killed a two-headed ogre
   487 | D        | Reached skill level 5 in Stealth
   487 | D        | Reached skill level 12 in Unarmed Combat
   487 | D        | Reached skill level 1 in Evocations
   487 | D        | Reached XP level 7. HP: 45/45 MP: 7/17
   487 | D        | Reached XP level 8. HP: 51/51 MP: 7/18
   492 | D        | Reached ** piety under Sif Muna
   607 | D        | Learned a level 5 spell: Blade Hands
   610 | D        | Noticed a cyan ugly thing
   610 | D        | Noticed a wyvern
   610 | D        | Noticed a centaur warrior
   615 | D        | Killed a centaur warrior
   616 | D        | Reached skill level 13 in Unarmed Combat
   619 | D        | Reached XP level 9. HP: 55/57 MP: 13/21
   623 | D        | Killed a cyan ugly thing
   624 | D        | Reached skill level 1 in Ice Magic
   625 | D        | Reached *** piety under Sif Muna
   626 | D        | Reached skill level 14 in Unarmed Combat
   957 | D        | Noticed a cane toad
   959 | D        | Noticed a komodo dragon
   964 | D        | Reached **** piety under Sif Muna
   975 | D        | Killed a cane toad
   981 | D        | Reached skill level 15 in Unarmed Combat
   982 | D        | Killed a komodo dragon
   982 | D        | Reached ***** piety under Sif Muna
   983 | D        | Reached XP level 10. HP: 40/64 MP: 18/23
   984 | D        | Identified Hyewairph's Papyrus of Transmigration and Evil
                  | (Sif Muna gifted it to you in the Dungeon)
   984 | D        | Received a gift from Sif Muna
  1005 | D        | Learned a level 7 spell: Dragon Form
  1243 | D        | Noticed an elephant
  1257 | D        | Slain by a komodo dragon

Illustrated notes

Levels and vault maps discovered:
D:        linesprint [early_d, line_temple, items_1, d_10, items_2, lair_1,
          lair_end, items_3, orc_1, orc_end, items_4, d_15, swamp_1, shoals_1,
          snake_1, spider_1, d_20, vaults_1, items_5, swamp_end, shoals_end,
          snake_end, spider_end, vaults_end, d_27, items_6, zot_1, zot_end,
          crypt_end, forest_end, elf_end, slime_end, tomb_end, abyss_end,
          pan_hell_end]

Skill      XL: |  1  2  3  4  5  6  7  8  9 10 |
---------------+-------------------------------+-----
Unarmed Combat | 4 5 7 9 12 13 15 | 15.7
Stealth        | 1 2 3 5 6 7 8 |  8.1
Spellcasting   | 3 4 5 7 8 9 |  9.3
Dodging        | 3 4 6 7 |  7.8
Transmutations | 3 4 6 7 8 9 |  9.1
Fighting       | 2 3 4 |  4.3
Evocations     | 1 2 |  2.9
Ice Magic      | 2 |  2.4

Action                   |  1- 3 |  4- 6 |  7- 9 | 10-12 || total
-------------------------+-------+-------+-------+-------++-------
Melee: Unarmed           |    24 |    10 |    44 |    18 ||    96
       Constrict         |     8 |     1 |       |       ||     9
       Kick              |     5 |       |       |       ||     5
       Tentacles         |     3 |       |       |       ||     3
 Cast: Beastly Appendage |     2 |       |       |       ||     2
       Wereblood         |     1 |     1 |     2 |     1 ||     5
       Ice Form          |       |     1 |     2 |     1 ||     4
Evoke: Wand              |       |     2 |     2 |       ||     4
  Use: Potion            |     1 |     1 |     3 |       ||     5
 Stab: Sleeping          |     1 |       |     1 |       ||     2
Armor: Skin              |     2 |       |     7 |     3 ||    12
Dodge: Dodged            |     9 |     3 |    14 |     4 ||    30

Table legend: (Time is in decaauts)
 A = Elapsed time spent in this place.
 B = Non-inter-level travel time spent in this place.
 C = Inter-level travel time spent in this place.
 D = Time resting spent in this place.
 E = Time spent auto-exploring this place.
 F = Levels seen in this place.
 G = Mean time per level.
                   A        B        C        D        E       F      G
               +--------+--------+--------+--------+--------+-----+--------+
         Total |   1248 |   1248 |      0 |    699 |    286 |   1 | 1248.0 |
       Dungeon |   1248 |   1248 |      0 |    699 |    286 |   1 | 1248.0 |
               +--------+--------+--------+--------+--------+-----+--------+

Top non-repeatable levels by time:
       D: 1248 daAuts
